 Dungeon Crawl Stone Soup version 0.26-a0-64-g059e62fbdb (webtiles) character file.

Game seed: 9195761548876918369

16 Nixze the Vexing (level 2, 0/23 HPs)
             Began as a Gnoll Arcane Marksman on June 10, 2020.
             Slain by a rat (3 damage)
             ... on level 1 of the Dungeon.
             The game lasted 00:01:51 (1017 turns).

Nixze the Vexing (Gnoll Arcane Marksman)            Turns: 1017, Time: 00:01:51

Health: 0/23       AC:  3    Str: 12    XL:     2   Next: 58%
Magic:  5/5        EV: 14    Int: 15    God:
Gold:   35         SH:  0    Dex: 15    Spells: 5/6 levels left

rFire    . . .     SeeInvis .   b - +0 club
rCold    . . .     Gourm    .   (no shield)
rNeg     . . .     Faith    .   i - +0 leather armour
rPois    .         Spirit   .   (no helmet)
rElec    .         Reflect  .   (no cloak)
rCorr    .         Harm     .   (no gloves)
MR       .....                  (no boots)
Stlth    +.........             j - amulet of inaccuracy (curse)
HPRegen  0.07/turn              (no ring)
MPRegen  0.09/turn              (no ring)

@: no status effects
A: distributed training, fangs 1, strong nose
a: no special abilities


You were on level 1 of the Dungeon.
You were hungry.

You visited 1 branch of the dungeon, and saw 1 of its levels.

You collected 35 gold pieces.

Inventory:

Hand Weapons
 a - a +0 hand crossbow
 b - a +0 club (weapon)
Missiles
 d - 20 bolts
 h - 15 stones (quivered)
 k - 4 boomerangs
Armour
 i - a +0 leather armour (worn)
Jewellery
 j - a cursed amulet of inaccuracy (around neck)
Scrolls
 e - 2 scrolls of magic mapping {unknown}
 g - 2 scrolls of identify {unknown}
 m - a scroll of blinking {unknown}
Potions
 l - a potion of haste {unknown}
Comestibles
 c - 4 chunks of flesh
 f - 2 rations


   Skills:
 + Level 2.5 Fighting
 + Level 0.4 Short Blades
 + Level 0.4 Long Blades
 + Level 0.4 Axes
 + Level 0.4 Maces & Flails
 + Level 0.4 Polearms
 + Level 0.4 Staves
 + Level 0.4 Slings
 + Level 0.4 Bows
 + Level 4.5 Crossbows
 + Level 0.4 Throwing
 + Level 0.4 Armour
 + Level 4.5 Dodging
 + Level 0.4 Stealth
 + Level 0.4 Shields
 + Level 0.4 Unarmed Combat
 + Level 2.7 Spellcasting
 + Level 0.2 Conjurations
 + Level 5.3 Hexes
 + Level 0.2 Charms
 + Level 0.2 Summonings
 + Level 0.2 Necromancy
 + Level 0.2 Translocations
 + Level 0.2 Transmutations
 + Level 0.2 Fire Magic
 + Level 0.2 Ice Magic
 + Level 0.2 Air Magic
 + Level 0.2 Earth Magic
 + Level 0.2 Poison Magic
 + Level 0.5 Invocations
 + Level 0.4 Evocations


You had 5 spell levels left.
You knew the following spells:

 Your Spells              Type           Power        Failure   Level  Hunger
a - Corona                Hex            ###....      3%          1    #......

Your spell library contained the following spells:

 Spells                   Type           Power        Failure   Level  Hunger
 Slow                     Hex            ###.....     4%          2    ##.....
 Inner Flame              Hex/Fire       ##......     24%         3    ###....
 Portal Projectile        Hex/Tloc       ##....       24%         3    ###....
 Cause Fear               Hex            ###.......   28%         4    #####..
 Leda's Liquefaction      Hex/Erth       ##........   63%         4    #####..


Dungeon Overview and Level Annotations

Branches:
Dungeon (1/15)

Altars:


Innate Abilities, Weirdness & Mutations

Your experience applies equally to all skills.
You have very sharp teeth.
Your uncanny sense of smell can sniff out nearby items.


Message History

You hit the jackal. Your bite misses the jackal.
The jackal is severely wounded.
The jackal bites you.
* * * LOW HITPOINT WARNING * * *
The jackal bites you but does no damage.
Some of the chunks of flesh in your inventory have rotted away.
You miss the jackal. Your bite misses the jackal.
The jackal is severely wounded.
The jackal barely misses you.
The jackal bites you but does no damage.
You barely miss the jackal. You bite the jackal, but do no damage.
The jackal is severely wounded.
The jackal completely misses you.
You closely miss the jackal.
The jackal is severely wounded.
The jackal misses you. The jackal barely misses you.
You hit the jackal.
You kill the jackal!
You hit the rat but do no damage. The rat bites you.
You die...

#......#...#.....#..
#......#...#.....###
#......#............
#......##...........
########....##......#####
#.....................###
#.......g..g.............
########r###.............
####@# #..).####.....
#.##.###..รท.####.....
#.#..................
#.#..###....####..###
#.................###
#...........###......
#.#..###....# #....##
####.#..###....# #......
#..............# #....##


You could see a hobgoblin and a rat.

Vanquished Creatures
  3 bats (D:1)
  A goblin (D:1)
  3 hobgoblins (D:1)
  3 jackals (D:1)
  A kobold (D:1)
  A frilled lizard (D:1)
  2 rats (D:1)
14 creatures vanquished.

Notes
Turn   | Place    | Note
-------+----------+-------------------------------------------
     0 | D:1      | Nixze the Gnoll Arcane Marksman began the quest for the
                  | Orb.
     0 | D:1      | Reached XP level 1. HP: 17/17 MP: 4/4
   532 | D:1      | Reached XP level 2. HP: 22/23 MP: 5/5
  1017 | D:1      | Slain by a rat

Illustrated notes

Levels and vault maps discovered:
D:1:      ncdulo_lavacross, layout_basic, minmay_pentomino_p2

Action                   || total
-------------------------++-------
Melee: Unarmed           ||    83
       Bite              ||    10
       Club              ||    40
 Fire: Hand crossbow     ||     2
Throw: Stone             ||    14
Armor: Robe              ||    12
       Leather armour    ||    25
Dodge: Dodged            ||   141

Table legend:
 A = Non-vault XP
 B = Vault XP
 C = Vault XP percentage of total XP
 D = Non-vault monster count
 E = Vault monster count
 F = Vault count percentage of total count
                 A         B        C        D         E       F
            +---------+---------+-------+---------+---------+-------
      Total |      22 |       2 |   8.3 |      12 |       2 |  14.3
            +---------+---------+-------+---------+---------+-------
        D:1 |      22 |       2 |   8.3 |      12 |       2 |  14.3
            +---------+---------+-------+---------+---------+-------
